 Dungeon Crawl Stone Soup version 0.21.1-1-g345015f (webtiles) character file.

84 inc the Conjurer (level 4, 0/18 HPs)
             Began as a Felid Fire Elementalist on Feb 26, 2018.
             Was a Follower of Ru.
             Succumbed to a worker ant's poison
             ... on level 4 of the Dungeon.
             The game lasted 00:06:12 (3156 turns).

inc the Conjurer (Felid Fire Elementalist)          Turns: 3156, Time: 00:06:13

Health: 0/18       AC:  1    Str:  4    XL:     4   Next: 24%
Magic:  2/7        EV: 17    Int: 22    God:    Ru [*.....]
Gold:   81         SH:  0    Dex: 16    Spells: 5/6 levels left
                                        Lives:  0   Deaths: 1

rFire    . . .     SeeInvis +     - Unarmed
rCold    . . .     Gourm    .   (shield unavailable)
rNeg     . . .     Faith    .   (armour unavailable)
rPois    .         Spirit   .   (helmet unavailable)
rElec    .         Reflect  .   (cloak unavailable)
rCorr    .         Harm     .   (gloves unavailable)
MR       .....                  (boots unavailable)
Stlth    +++.......             (no amulet)
HPRegen  0.06/turn              (no ring)
MPRegen  0.10/turn              (no ring)

@: brilliant, lethally poisoned (0 -> -7), quick
A: very small, no armour, no weapons or thrown items, stealth, claws 1, fangs 3,
see invisible, carnivore, speed 1, shaggy fur 1, slow metabolism 1, unskilled 1,
sharp paws
a: Renounce Religion


You were on level 4 of the Dungeon.
You worshipped Ru.
Ru was aware of your devotion.
You were not hungry.

You visited 1 branch of the dungeon, and saw 4 of its levels.

You collected 81 gold pieces.

Inventory:

Jewellery
 h - an uncursed ring of teleportation
Scrolls
 c - 3 scrolls of identify
 f - a scroll of magic mapping {unknown}
 g - a scroll of teleportation
Potions
 e - a potion of agility
Books
 a - a book of Flames

   Spells                             Type                      Level
   a - Flame Tongue                   Conjuration/Fire             1
   b - Throw Flame                    Conjuration/Fire             2
   c - Conjure Flame                  Conjuration/Fire             3
   d - Inner Flame                    Hexes/Fire                   3
   e - Sticky Flame                   Conjuration/Fire             4
   f - Fireball                       Conjuration/Fire             5
Comestibles
 b - a ration


   Skills:
 - Level 2.4 Dodging
 - Level 2.4 Stealth
 - Level 1.9 Unarmed Combat
 - Level 1.7 Spellcasting
 + Level 3.0 Conjurations
 + Level 3.0 Fire Magic


You had 5 spell levels left.
You knew the following spells:

 Your Spells              Type           Power        Failure   Level  Hunger
a - Flame Tongue          Conj/Fire      ####.        1%          1    #......


Dungeon Overview and Level Annotations

Branches:
Dungeon (4/15)
 Temple: D:4-7

Altars:
Cheibriados
Ru
Uskayaw


Innate Abilities, Weirdness & Mutations

You cannot wear armour.
You are incapable of wielding weapons or throwing items.
Your paws allow you to move quietly. (Stealth)
You have sharp claws.
You have razor-sharp teeth.
You have supernaturally acute eyesight. (SInv)
You are carnivorous and can eat meat at any time.
You cover ground quickly.
You are covered in fur. (AC +1)
You have a slow metabolism.
You are somewhat unskilled. (-1 Apt)
Your sharp claws are effective at attacking unaware monsters.


Message History

Casting: Flame Tongue
Confirm with . or Enter, or press ? or * to list all spells.
Aiming: Flame Tongue
Press: ? - help, Shift-Dir - straight line, f/p - worker ant
Aim: a worker ant (lightly wounded)
The flame tongue hits the worker ant.
The worker ant appears unharmed.
The worker ant is lightly wounded.
* * * LOW HITPOINT WARNING * * *
You feel sick. The worker ant misses you.
Casting: Flame Tongue
Confirm with . or Enter, or press ? or * to list all spells.
Aiming: Flame Tongue
Press: ? - help, Shift-Dir - straight line, f/p - worker ant
Aim: a worker ant (lightly wounded)
The flame tongue hits the worker ant.
The worker ant is lightly wounded.
The worker ant closely misses you.
It was a potion of brilliance.
You feel clever all of a sudden.
You die...

..... #...# ##...#
....## ..####.... ... #
.......##.#.##.#.# #
#..a.##.#.##.#.# #
#..@.........#.# #
#!...##.#.##.#.#####
#....##.#.##.#......
.##....##.#.##.#......
.$.......#.#.##.#.##...
......................##
##.......##.####.#.##.##
........##...# #.#.##...
.......##.....##.#.##..#


You could see a worker ant.

Vanquished Creatures
  2 hounds (D:4)
  3 adders (D:2)
  A worm (D:2)
  A dart slug (D:1)
  2 leopard geckos
  5 orcs
  A giant cockroach (D:1)
  2 goblins (D:2)
  6 hobgoblins
  9 kobolds
  2 ball pythons
  8 bats
  3 frilled lizards
  4 rats
49 creatures vanquished.

Notes
Turn   | Place    | Note
-------+----------+-------------------------------------------
     0 | D:1      | inc the Felid Fire Elementalist began the quest for the Orb.
     0 | D:1      | Reached XP level 1. HP: 7/7 MP: 4/4
    66 | D:1      | Reached skill level 1 in Unarmed Combat
   137 | D:1      | You fall through a shaft!
   145 | D:2      | Reached XP level 2. HP: 5/11 MP: 0/6
   201 | D:2      | Found a sacrificial altar of Ru.
   333 | D:2      | Became a worshipper of Ru the Awakened
   350 | D:2      | Reached skill level 1 in Conjurations
   408 | D:2      | Found a hide-covered altar of Uskayaw.
   409 | D:2      | Noticed a hand axe
   410 | D:2      | Noticed a hand axe
   586 | D:2      | Reached XP level 3. HP: 14/14 MP: 5/7
  1062 | D:2      | Found a faded altar of an unknown god.
  2171 | D:2      | Reached XP level 4. HP: 18/18 MP: 6/8
  2862 | D:3      | Gained mutation: You are somewhat unskilled. (-1 Apt) [Ru sacrifice]
  2862 | D:3      | Reduced skill Unarmed Combat to level 1
  2862 | D:3      | Reduced skill Spellcasting to level 1
  2862 | D:3      | Reached * piety under Ru
  3046 | D:4      | Slain by a hound
  3047 | D:4      | Reached XP level 3. HP: -4/14 MP: 1/6
  3068 | D:4      | Reached XP level 4. HP: 18/18 MP: 4/7
  3143 | D:4      | Found a snail-covered altar of Cheibriados.
  3156 | D:4      | Succumbed to a worker ant's poison

Skill      XL: |  1  2  3  4 |
---------------+-------------+-----
Unarmed Combat | 2 1 |  1.9
Conjurations   | 1 3 |  3.0
Spellcasting   | 1 |  1.7
Fire Magic     | 3 |  3.0
Dodging        | |  2.4
Stealth        | |  2.4

Action                   |  1- 3 |  4- 6 || total
-------------------------+-------+-------++-------
Melee: Unarmed           |     7 |       ||     7
 Cast: Flame Tongue      |    79 |    48 ||   127
Invok: Sacrifice Skill   |       |     1 ||     1
  Use: Scroll            |     4 |       ||     4
       Potion            |     2 |     1 ||     3
  Eat: Chunk             |     8 |       ||     8
Armor: Skin              |     5 |     1 ||     6
Dodge: Dodged            |    61 |    21 ||    82
